 Dungeon Crawl Stone Soup version 0.31-a0-161-gb58dd9be76 (webtiles) character file.

Game seed: 13615286193477172945

4 Serulin the Sneak (level 1, -2/14 HPs)
             Began as a Gargoyle Delver on June 13, 2023.
             Slain by a goblin
             ... wielding a +0 club
             ... led by Robin
              (5 damage)
             ... on level 3 of the Dungeon.
             The game lasted 00:00:51 (97 turns).

Serulin the Sneak (Gargoyle Delver)                   Turns: 97, Time: 00:00:52

Health: -2/14      AC:  5    Str: 15    XL:     1   Next: 60%
Magic:  1/1        EV: 11    Int: 10    God:
Gold:   0          SH:  0    Dex: 11    Spells: 0/0 levels left

rFire   . . .        a - +0 mace
rCold   . . .        (no shield)
rNeg    + . .        b - +0 leather armour
rPois   ∞            (no helmet)
rElec   +            (no cloak)
rCorr   .            (no gloves)
SInv    .            (no boots)
Will    .....        (no amulet)
Stlth   +++          (no ring)
HPRegen 0.22/turn    (no ring)
MPRegen 0.07/turn

%: no passive effects
@: no status effects
A: sickness immunity, AC +2, negative energy resistance 1, electricity
resistance, torment resistance 1, petrification resistance
a: no special abilities


You were on level 3 of the Dungeon.
You visited 1 branch of the dungeon, and saw 3 of its levels.

Inventory:

Hand Weapons
 a - a +0 mace (weapon)
Armour
 b - a +0 leather armour (worn)
Wands
 g - a wand of digging (3)
Scrolls
 c - a scroll of fog
 d - a scroll of revelation
 e - a scroll of fear
Potions
 f - a potion of haste


   Skills:
 + Level 3.3 Fighting
 + Level 2.1 Maces & Flails
 + Level 1.6 Dodging
 + Level 5.5 Stealth


You couldn't memorise any spells.
You didn't know any spells.
Your spell library was empty.

Dungeon Overview and Level Annotations

Branches:
Dungeon (5/15)
 Temple: D:4-7

Altars:

Annotations:
D:3 Robin


Innate Abilities, Weirdness & Mutations

You are immune to sickness and miasma.
Your stone body is resilient. (AC +2)
You are immune to poison.
You resist negative energy. (rN+)
You are resistant to electric shocks. (rElec)
You are resistant to unholy torment.
You are immune to petrification.


Message History

Robin of the Strong Arm comes into view.
They are wielding a +0 spear.
You closely miss the goblin. The goblin barely misses you.
Robin roars a battlecry!
The goblin goes into a battle-frenzy!
The goblin hits you with a +0 club.
Robin roars a battlecry!
You hear a shout! x3
You barely miss the goblin. The goblin hits you with a +0 club.
* * * LOW HITPOINT WARNING * * *
There is a stone staircase leading down here.
The goblin attacks as you move away! The goblin hits you but does no damage.
The goblin attacks as you move away! The goblin completely misses you.
The goblin attacks as you move away! The goblin barely misses you.
The goblin attacks as you move away! The goblin completely misses you.
The goblin attacks as you move away! The goblin closely misses you.
Found a stone staircase leading down.
The goblin no longer looks unusually strong.
The goblin attacks as you move away! The goblin hits you but does no damage.
There is a stone staircase leading down here.
Robin roars a battlecry!
The goblin goes into a battle-frenzy!
The goblin attacks as you move away! The goblin hits you but does no damage.
The goblin attacks as you move away! The goblin hits you with a +0 club.
The goblin hits you with a +0 club.
* * * LOW HITPOINT WARNING * * *
The goblin attacks as you move away! The goblin misses you.
The goblin attacks as you move away! The goblin hits you with a +0 club.
* * * LOW HITPOINT WARNING * * *
The goblin attacks as you move away! The goblin hits you but does no damage.
A worm comes into view.
The goblin attacks as you move away! The goblin barely misses you.
The worm bites you but does no damage. The goblin attacks as you move away!
The goblin barely misses you. The goblin attacks as you move away!
The goblin hits you with a +0 club.
* * * LOW HITPOINT WARNING * * *
The goblin no longer looks unusually strong.
Robin roars a battlecry!
The goblin goes into a battle-frenzy!
The goblin attacks as you move away! The goblin hits you with a +0 club.
You die...

##############.........#
#.###.###.# # #.# #.#.#
#.###.#.# #.....w.#
#####.#.# # #.#.#
#.#######w# #
#..@g.g...# ###########


You could see a worm, Robin and a goblin (strong).

Vanquished Creatures
  A goblin (D:3)
  2 hobgoblins (D:3)
3 creatures vanquished.

Notes
Turn   | Place    | Note
-------+----------+-------------------------------------------
     0 | D:5      | Serulin the Gargoyle Delver began the quest for the Orb.
     0 | D:5      | Reached XP level 1. HP: 14/14 MP: 1/1
    56 | D:3      | Noticed Robin
    97 | D:3      | Slain by a goblin

Illustrated notes

Levels and vault maps discovered:
D:3:      layout_loops_ring, minitemple,
          shapermc_ecumenical_altar_mp_ritualfount, uniq_crazy_yiuf_cottage,
          uniq_robin
D:4:      layout_gridville, mainiacjoe_overflow_alcove_1
D:5:      layout_loops_ring

Action                     || total
---------------------------++-------
  Melee: Mace              ||     8
 Armour: Leather armour    ||     8
  Dodge: Dodged            ||    28

Table legend: (Time is in decaauts)
 A = Elapsed time spent in this place.
 B = Non-inter-level travel time spent in this place.
 C = Inter-level travel time spent in this place.
 D = Time resting spent in this place.
 E = Time spent auto-exploring this place.
 F = Levels seen in this place.
 G = Mean time per level.
                   A        B        C        D        E       F      G
               +--------+--------+--------+--------+--------+-----+--------+
         Total |     98 |     98 |      0 |      0 |      0 |   3 |   32.7 |
       Dungeon |     98 |     98 |      0 |      0 |      0 |   3 |   32.7 |
               +--------+--------+--------+--------+--------+-----+--------+

Top non-repeatable levels by time:
     D:3: 51 daAuts
     D:4: 28 daAuts
     D:5: 19 daAuts
